 Dungeon Crawl Stone Soup version 0.18.1-48-g4cf74bf (webtiles) character file.

373 theY the Chopper (level 6, -6/56 HPs)
             Began as a Minotaur Berserker on Aug 4, 2016.
             Was a Believer of Trog.
             Mangled by a gnoll
             ... wielding a +0 halberd
              (10 damage)
             ... on level 3 of the Dungeon.
             The game lasted 00:03:14 (1907 turns).

theY the Chopper (Minotaur Berserker)               Turns: 1907, Time: 00:03:15

Health: -6/56      AC:  2    Str: 21    XL:     6   Next: 43%
Magic:  5/5        EV: 14    Int:  4    God:    Trog [**....]
Gold:   63         SH:  0    Dex: 12    Spells: 0 memorised, 5 levels left

rFire  . . .     SeeInvis .     a - +0 hand axe
rCold  . . .     Gourm    .     b - +0 animal skin
rNeg   . . .     Faith    .     (no shield)
rPois  .         Spirit   .     (helmet restricted)
rElec  .         Dismiss  .     (no cloak)
rCorr  .         Reflect  .     (no gloves)
SustAt .         Harm     .     (no boots)
MR     .....                    (no amulet)
Stlth  +.........               (no ring)
                                (no ring)

@: not resistant to hostile enchantments, very unstealthy
A: retaliatory headbutt, horns 2
a: Berserk, Trog's Hand, Burn Spellbooks, Renounce Religion


You were on level 3 of the Dungeon.
You worshipped Trog.
Trog was pleased with you.
You were not hungry.

You visited 1 branch of the dungeon, and saw 4 of its levels.
You also visited: Sewer.

You collected 63 gold pieces.

Inventory:

Hand Weapons
 a - a +0 hand axe (weapon)
Armour
 b - a +0 animal skin (worn)
Scrolls
 i - 2 scrolls of teleportation {unknown}
 k - a scroll of identify {unknown}
 m - 2 scrolls of blinking {unknown}
 p - a scroll of fog {unknown}
Potions
 e - a potion of mutation {unknown}
 g - 2 potions of flight {unknown}
 h - 2 potions of degeneration {unknown}
 j - 2 potions of haste {unknown}
 l - a potion of curing {unknown}
 n - a potion of brilliance {unknown}
 q - 2 potions of heal wounds {unknown}
Comestibles
 c - 2 bread rations
 d - a beef jerky
 f - 2 meat rations


   Skills:
 + Level 5.4 Fighting
 + Level 5.7 Axes
 + Level 2.8 Armour
 + Level 4.6 Dodging
 + Level 1.0 Stealth


You had 5 spell levels left.
You didn't know any spells.

Dungeon Overview and Level Annotations

Branches:
Dungeon (4/15)
 Temple: D:4-7

Altars:

Annotations:
D:4 Robin


Innate Abilities, Weirdness & Mutations

You reflexively headbutt those who attack you in melee.
You have a pair of horns on your head.


Message History

The gnoll shouts!
A gnoll comes into view. It is wielding a flail.
The gnoll shouts!
The gnoll closely misses you.
A gnoll comes into view.
You barely miss the gnoll. Your headbutt misses the gnoll.
You completely miss the gnoll. The gnoll barely misses you.
The gnoll hits you with a flail!
You hit the gnoll.
The gnoll is lightly wounded.
You hit the gnoll but do no damage. The gnoll hits you with a halberd!
* * * LOW HITPOINT WARNING * * *
The gnoll hits you with a flail!
* * * LOW HITPOINT WARNING * * *
You are too injured to fight recklessly!
You are too injured to fight recklessly!
You are too injured to fight recklessly!
You are too injured to fight recklessly!
The gnoll hits you from afar with a halberd!
You die...

.##................ ..#≈##≈≈≈≈≈#
.......#.##.####..# ..########≈#
............# ##..##.. #≈≈≈≈≈≈≈≈#
............. ..... ##≈#######
.##..#.#.##.## #..##. .##≈≈≈≈≈≈.#
.##..#...# .# #..##...##########
.........# # #..#....# #.#####.
.........##.####..#....###.......
................@................
.##..#...##.##...................
.....#..........gg..........##.#.
.##..#...##.....g........#.###.#.
.....#...##.###......#.........#.
.##..#...##.###......#..##.#####.
.................................
###.##...........................
# #..................#..#..####.#


You could see 3 gnolls.

Vanquished Creatures
  3 big kobolds (Sewer)
  2 iguanas (D:4)
  2 river rats (Sewer)
  2 adders
  5 oozes
  2 worms (Sewer)
  3 dart slugs
  A giant gecko (D:3)
  3 giant cockroaches
  5 goblins
  2 hobgoblins
  8 jackals (D:1)
  4 kobolds
  2 ball pythons (Sewer)
  3 bats
  5 rats
52 creatures vanquished.

Notes
Turn   | Place    | Note
--------------------------------------------------------------
     0 | D:1      | theY the Minotaur Berserker began the quest for the Orb.
     0 | D:1      | Reached XP level 1. HP: 19/19 MP: 0/0
    20 | D:1      | Reached XP level 2. HP: 5/27 MP: 1/1
   308 | D:1      | Reached ** piety under Trog
   596 | D:2      | Reached XP level 3. HP: 29/33 MP: 2/2
   827 | D:3      | Found a glowing drain.
   835 | Sewer    | Entered a sewer
   848 | Sewer    | Reached XP level 4. HP: 29/40 MP: 3/3
   895 | Sewer    | Noticed a big kobold
   896 | Sewer    | Noticed a big kobold
   905 | Sewer    | Killed a big kobold
   905 | Sewer    | Reached skill level 5 in Axes
   905 | Sewer    | Reached XP level 5. HP: 24/47 MP: 4/4
  1213 | Sewer    | Reached skill level 5 in Fighting
  1539 | Sewer    | Reached XP level 6. HP: 50/56 MP: 5/5
  1760 | D:4      | Reached skill level 1 in Stealth
  1836 | D:4      | Noticed Robin
  1836 | D:4      | Noticed a troll
  1907 | D:3      | Mangled by a gnoll

Skill      XL: |  1  2  3  4  5  6 |
---------------+-------------------+-----
Axes           | 4 5 |  5.7
Fighting       | 4 5 |  5.4
Dodging        | 3 4 |  4.6
Stealth        | 1 |  1.0
Armour         | |  2.8

Action                   |  1- 3 |  4- 6 || total
-------------------------+-------+-------++-------
Melee: Hand axe          |    46 |    82 ||   128
       Headbutt          |    12 |    17 ||    29
 Stab: Sleeping          |     2 |       ||     2
  Eat: Chunk             |       |     4 ||     4
Armor: Animal skin       |     9 |     3 ||    12
Dodge: Dodged            |    36 |    46 ||    82
